AoeStats
← Fluvialgeomorphologist

Black Forest

507005287Analyzed
4v4 RM · 16d ago on Sep 16, 2026· 83m 52s· 8 players
Game mode
Random Map
Map size
Large (8 player)
Population
200
Speed
Normal
Resources
Standard
Victory
Conquest
Starting age
Dark Age
Ending age
Imperial Age
RankedLock teamsTeams togetherTeam positionsShared explorationLock speedFull tech treeHidden civsTurbo modeCheats
Victory
Defeat
🇲🇽 Persians · Mexico
906
+10
🇺🇸 Franks · United States
889
+10
🇺🇸 Bohemians · United States
857
+11
812
+14
🇨🇳 Lithuanians · China
874
-15
🇺🇸 Spanish · United States
783
-12
🇺🇸 Italians · United States
688
-9
🇲🇽 Wu · Mexico
685
-9
不穿内裤真龙不被束缚
0:31 Loom
13:46 Feudal Age
14:28 Horse Collar
17:47 Castle Age
17:15 Double-Bit Axe
22:17 Stone Mining
23:15 Bow Saw
26:15 Scale Barding Armor
26:10 Padded Archer Armor
27:14 Heavy Plow
27:25 Arson
27:42 Squires
27:29 Gambesons
27:56 Gold Mining
31:36 Husbandry
31:46 Bloodlines
31:01 Pikeman
32:11 Chain Barding Armor
32:06 Leather Archer Armor
32:03 Forging
35:36 Imperial Age
33:31 Ballistics
34:24 Scale Mail Armor
36:01 Wheelbarrow
35:50 Light Cavalry
36:19 Cavalier
36:59 Elite Conquistador
38:57 Chemistry
41:41 Paladin
43:34 Plate Barding Armor
43:30 Ring Archer Armor
43:37 Iron Casting
43:18 Chain Mail Armor
51:32 Halberdier
70:47 Capped Ram
Tentramitrozo 100 mg
0:31 Loom
11:21 Feudal Age
19:54 Castle Age
18:02 Double-Bit Axe
18:01 Horse Collar
18:15 Gold Mining
18:16 Stone Mining
26:13 Bow Saw
26:08 Heavy Plow
26:48 Gold Shaft Mining
26:49 Stone Shaft Mining
28:37 Wheelbarrow
27:47 Town Watch
32:28 Imperial Age
30:18 Hand Cart
30:58 Town Patrol
32:06 Forging
31:46 Fletching
31:57 Padded Archer Armor
31:58 Scale Mail Armor
32:03 Scale Barding Armor
31:59 Murder Holes
32:26 Ballistics
35:20 Iron Casting
35:36 Bloodlines
35:26 Husbandry
34:47 Cavalier
35:55 Chain Barding Armor
35:31 Bodkin Arrow
35:52 Leather Archer Armor
35:21 Light Cavalry
36:49 Citadels
37:00 Conscription
36:40 Kamandaran
36:51 Elite Skirmisher
39:34 Savar
39:37 Heavy Camel Rider
41:34 Chemistry
42:25 Thumb Ring
41:40 Crossbowman
44:34 Plate Barding Armor
44:59 Blast Furnace
44:30 Ring Archer Armor
44:16 Chain Mail Armor
60:41 Plate Mail Armor
80:01 Coinage
79:35 Onager
82:02 Squires
81:47 Arson
Zar
1:54 Loom
13:32 Feudal Age
18:32 Castle Age
16:44 Double-Bit Axe
18:47 Town Watch
21:15 Wheelbarrow
20:55 Bow Saw
21:48 Husbandry
24:55 Gold Mining
27:37 Stone Mining
32:13 Imperial Age
30:31 Hand Cart
32:09 Scale Barding Armor
32:29 Cavalier
33:31 Forging
33:43 Masonry
35:50 Paladin
38:21 Chain Barding Armor
39:20 Gold Shaft Mining
39:52 Conscription
40:49 Chemistry
40:16 Caravan
41:57 Iron Casting
44:48 Plate Barding Armor
44:23 Elite Throwing Axeman
50:41 Scale Mail Armor
66:15 Chivalry
66:03 Light Cavalry
68:04 Blast Furnace
Fluvialgeomorphologist
1:08 Loom
12:29 Feudal Age
14:12 Double-Bit Axe
17:05 Castle Age
14:55 Horse Collar
17:34 Wheelbarrow
17:56 Bow Saw
17:49 Heavy Plow
19:18 Fervor
25:54 Forging
25:44 Scale Mail Armor
25:37 Fletching
29:00 Imperial Age
30:04 Iron Casting
29:44 Chain Mail Armor
29:30 Padded Archer Armor
29:21 Fletching
31:06 Chemistry
30:29 Caravan
32:32 Two-Man Saw
31:08 Houfnice
32:26 Hand Cart
31:54 Pikeman
33:03 Squires
34:17 Blast Furnace
33:58 Halberdier
35:07 Leather Archer Armor
35:58 Ballistics
35:34 Murder Holes
35:34 Elite Skirmisher
38:13 Plate Mail Armor
38:07 Conscription
37:09 Elite Hussite Wagon
40:02 Siege Engineers
40:36 Wagenburg Tactics
Chainbreaker
13:28 Feudal Age
14:30 Horse Collar
14:37 Double-Bit Axe
18:36 Castle Age
20:30 Wheelbarrow
20:08 Bow Saw
20:00 Heavy Plow
22:53 Gold Mining
22:54 Stone Mining
23:02 Stone Mining
25:49 Hand Cart
26:02 Loom
29:12 Bloodlines
29:02 Husbandry
33:20 Imperial Age
30:56 Light Cavalry
32:27 Forging
32:22 Scale Barding Armor
33:13 Stone Shaft Mining
34:25 Conscription
33:27 Elite Leitis
34:24 Herbal Medicine
35:59 Two-Man Saw
35:32 Crop Rotation
37:22 Iron Casting
37:08 Chain Barding Armor
40:04 Caravan
41:37 Plate Barding Armor
54:18 Chemistry
53:38 Ballistics
52:47 Onager
56:13 Winged Hussar
68:59 Murder Holes
69:18 Masonry
68:49 Treadmill Crane
69:00 Heated Shot
69:20 Fortified Wall
69:00 Guard Tower
69:31 Bombard Tower
81:09 Thumb Ring
80:24 Elite Skirmisher
81:42 Fletching
81:52 Padded Archer Armor
82:47 Bodkin Arrow
Coso Azul
12:28 Feudal Age
16:38 Castle Age
15:25 Horse Collar
17:51 Double-Bit Axe
18:37 Heavy Plow
19:15 Loom
23:17 Bow Saw
26:09 Wheelbarrow
25:20 Town Watch
25:43 Gold Mining
25:49 Stone Mining
27:09 Scale Barding Armor
27:05 Padded Archer Armor
26:57 Fletching
27:18 Forging
27:09 Scale Mail Armor
28:31 Hand Cart
28:17 Town Patrol
29:06 Squires
28:52 Arson
29:51 Husbandry
30:03 Bloodlines
30:04 Treadmill Crane
30:37 Masonry
30:50 Leather Archer Armor
30:32 Bodkin Arrow
30:54 Chain Mail Armor
31:19 Iron Casting
33:03 Gold Shaft Mining
33:07 Stone Shaft Mining
34:38 Murder Holes
37:34 Imperial Age
35:18 Red Cliffs Tactics
37:37 Ballistics
40:14 Chemistry
39:52 Bracer
40:22 Sitting Tiger
41:24 Elite Fire Archer
Cardinal Richelieu
10:14 Feudal Age
10:49 Loom
12:21 Double-Bit Axe
17:21 Castle Age
19:17 Bow Saw
23:11 Wheelbarrow
22:44 Horse Collar
27:52 Imperial Age
25:53 Ballistics
27:21 Hand Cart
29:38 Chemistry
28:33 Fletching
28:44 Padded Archer Armor
29:59 Conscription
34:26 Two-Man Saw
34:21 Bodkin Arrow
34:42 Leather Archer Armor
38:24 Bracer
38:55 Ring Archer Armor
39:05 Heavy Plow
39:49 Thumb Ring
41:10 Crop Rotation
44:06 Forging
44:34 Scale Mail Armor
51:05 Pikeman
Aramis
0:27 Loom
14:34 Feudal Age
19:14 Castle Age
18:58 Double-Bit Axe
20:43 Bow Saw
29:12 Fortified Wall
31:48 Pikeman
32:30 Squires
36:34 Wheelbarrow
40:20 Scale Mail Armor
43:16 Imperial Age
42:44 Caravan
44:23 Hand Cart
44:24 Halberdier
50:55 Conscription
50:23 Cavalier
52:08 Chemistry
Connection lost

Rejoining the realm…

Still unreachable

The connection could not be restored.

Session expired

The server has moved on; the page needs a fresh start.